AoeStats
← Tweedle Dum

Arabia

507346428Analyzed
2v2 RM · 15d ago on Sep 17, 2026· 42m 25s· 4 players
Game mode
Random Map
Map size
Medium (4 player)
Population
200
Speed
Normal
Resources
Standard
Victory
Conquest
Starting age
Dark Age
Ending age
Imperial Age
RankedLock teamsTeams togetherTeam positionsShared explorationLock speedFull tech treeHidden civsTurbo modeCheats
Victory
Defeat
🇺🇸 Hindustanis · United States
1483
+14
🇺🇸 Celts · United States
1482
+14
🇹🇷 Burmese · Türkiye
1463
-15
🇮🇳 Byzantines · India
1425
-13
ShapeOfMyHeart
7:46 Loom
9:58 Feudal Age
10:56 Man-at-Arms
13:02 Arson
15:32 Forging
20:46 Scale Barding Armor
21:29 Bloodlines
27:42 Castle Age
27:50 Light Cavalry
28:31 Husbandry
30:22 Chain Barding Armor
33:58 Wheelbarrow
34:57 Iron Casting
34:04 Horse Collar
35:06 Wheelbarrow
Lagger (-_-)'
7:09 Loom
11:09 Feudal Age
11:27 Man-at-Arms
11:53 Arson
12:18 Double-Bit Axe
14:07 Fletching
14:51 Horse Collar
22:45 Castle Age
21:34 Gold Mining
22:33 Padded Archer Armor
23:27 Bodkin Arrow
23:58 Leather Archer Armor
24:00 Crossbowman
24:09 Elite Skirmisher
33:38 Imperial Age
32:48 Ballistics
33:49 Arbalester
35:18 Thumb Ring
35:52 Bracer
36:52 Capped Ram
39:12 Chemistry
43:03 Hoardings
Tweedle Dee
7:08 Loom
10:12 Feudal Age
10:59 Double-Bit Axe
14:20 Fletching
17:21 Town Watch
20:24 Castle Age
19:03 Padded Archer Armor
20:30 Crossbowman
21:06 Bodkin Arrow
21:24 Bow Saw
21:13 Horse Collar
22:24 Gold Mining
24:39 Ballistics
25:44 Wheelbarrow
27:04 Hand Cart
27:03 Thumb Ring
27:56 Leather Archer Armor
30:25 Stone Mining
30:37 Heavy Plow
30:39 Town Patrol
34:57 Gold Shaft Mining
34:57 Stone Shaft Mining
38:33 Imperial Age
36:24 Scale Mail Armor
36:34 Squires
37:22 Chain Mail Armor
37:49 Forging
37:43 Guard Tower
40:03 Iron Casting
40:50 Two-Man Saw
39:25 Elite Ghulam
42:58 Blast Furnace
Tweedle Dum
10:22 Loom
12:07 Feudal Age
13:22 Double-Bit Axe
14:51 Fletching
20:17 Castle Age
20:33 Scale Barding Armor
21:40 Bow Saw
22:16 Scale Mail Armor
22:02 Pikeman
30:46 Wheelbarrow
34:21 Elite Skirmisher
34:57 Bodkin Arrow
35:19 Padded Archer Armor
36:42 Hand Cart
36:50 Town Watch
37:36 Horse Collar
41:26 Imperial Age
40:16 Leather Archer Armor
42:22 Chain Mail Armor
41:32 Halberdier
Connection lost

Rejoining the realm…

Still unreachable

The connection could not be restored.

Session expired

The server has moved on; the page needs a fresh start.